| TOP OF THE 1ST |
|
Boston Red Sox batting - Pitching for New York Yankees : RHP Bret Davies
|
|
Pitching: RHP Bret Davies
|
|
|
Batting: RHB Alois Wollf
|
0-0: Swinging Strike 0-1: Ball 1-1: Ball 2-1: Foul Ball, location: 2F 2-2: Strikes out swinging
|
|
Batting: LHB Kevin McCormic Jr.
|
0-0: Called Strike 0-1: Ball 1-1: Foul Ball, location: 2F 1-2: Strikes out looking
|
|
Batting: RHB David Price Jr.
|
0-0: Fly out, F7 (Flyball, 78M, EV 98.1 MPH)
|
| Top of the 1st over - 0 runs, 0 hits, 0 errors, 0 left on base; Boston 0 - New York 0 |
| BOTTOM OF THE 1ST |
|
New York Yankees batting - Pitching for Boston Red Sox : RHP Justin Whitesack
|
|
Pitching: RHP Justin Whitesack
|
|
|
Batting: RHB Jose Tovar
|
0-0: Foul Ball, location: 2F 0-1: Foul Ball, location: 2F 0-2: SINGLE (Groundball, 4M, EV 91.2 MPH) (infield hit)
|
|
Batting: LHB Joel Vera
|
0-0: Fly out, F7 (Flyball, 7, EV 84.4 MPH)
|
|
Batting: SHB Jay Gagnon
|
0-0: Called Strike 0-1: SINGLE (Line Drive, 89M, EV 101.2 MPH) Jose Tovar to second
|
|
Batting: SHB Mukhtar Wa'il
|
0-0: TRIPLE (Line Drive, 78XD, EV 108.8 MPH) Jose Tovar scores Jay Gagnon scores
|
|
Batting: RHB Devon Utley
|
0-0: Ball 1-0: Called Strike 1-1: Ground out 6-3 (Groundball, 56, EV 104.4 MPH) Mukhtar Wa'il scores
|
|
Batting: RHB Eric Davis
|
0-0: Swinging Strike 0-1: Ball 1-1: Fly out, F3 (Popup, 3S, EV 73.8 MPH)
|
| Bottom of the 1st over - 3 runs, 3 hits, 0 errors, 0 left on base; Boston 0 - New York 3 |
| TOP OF THE 2ND |
|
Boston Red Sox batting - Pitching for New York Yankees : RHP Bret Davies
|
|
Batting: LHB Jarrett Mordecai
|
0-0: Foul Ball, location: 2F 0-1: Swinging Strike 0-2: Strikes out swinging
|
|
Batting: LHB Sakae Kasahara
|
0-0: Called Strike 0-1: Ball 1-1: Foul Ball, location: 2F 1-2: Ball 2-2: Strikes out swinging
|
|
Batting: RHB Elijah Campbell
|
0-0: Called Strike 0-1: Foul Ball, location: 2F 0-2: Ball 1-2: Ball 2-2: Ball 3-2: Foul Ball, location: 2F 3-2: Foul Ball, location: 2F 3-2: Ground out 1-3 (Groundball, 13S, EV 64.4 MPH)
|
| Top of the 2nd over - 0 runs, 0 hits, 0 errors, 0 left on base; Boston 0 - New York 3 |
| BOTTOM OF THE 2ND |
|
New York Yankees batting - Pitching for Boston Red Sox : RHP Justin Whitesack
|
|
Batting: RHB Larry Martell
|
0-0: Ball 1-0: Called Strike 1-1: Ball 2-1: Ball 3-1: Foul Ball, location: 2F 3-2: Foul Ball, location: 2F 3-2: Fly out, F6 (Line Drive, 56D, EV 71.2 MPH)
|
|
Batting: LHB Dan Morris
|
0-0: Ball 1-0: Ball 2-0: SINGLE (Groundball, 25, EV 69.4 MPH) (infield hit)
|
|
Batting: RHB Ryan Neal
|
0-0: Foul Ball, location: 2F 0-1: Called Strike 0-2: Ball 1-2: Fly out, F7 (Flyball, 7D, EV 88.8 MPH)
|
|
Batting: RHB Jose Tovar
|
0-0: Ball 1-0: Ball 2-0: Called Strike 2-1: Ball 3-1: Called Strike 3-2: SINGLE (Line Drive, 56D, EV 95.0 MPH) Dan Morris to second Dan Morris to third
|
|
Batting: LHB Joel Vera
|
0-0: Ball 1-0: Ball 2-0: Foul Ball, location: 2F 2-1: Foul Ball, location: 2F 2-2: Strikes out swinging
|
| Bottom of the 2nd over - 0 runs, 2 hits, 0 errors, 2 left on base; Boston 0 - New York 3 |
| TOP OF THE 3RD |
|
Boston Red Sox batting - Pitching for New York Yankees : RHP Bret Davies
|
|
Batting: RHB Mike McElroy
|
0-0: Called Strike 0-1: Ball 1-1: Ball 2-1: Called Strike 2-2: Ground out 5-3 (Groundball, 5S, EV 63.1 MPH)
|
|
Batting: SHB Greg Shaw
|
0-0: Ground out 4-3 (Groundball, 4, EV 88.8 MPH)
|
|
Batting: RHB Nick Esteves
|
0-0: Ball 1-0: Ground out U3 (Groundball, 34, EV 94.4 MPH)
|
| Top of the 3rd over - 0 runs, 0 hits, 0 errors, 0 left on base; Boston 0 - New York 3 |
| BOTTOM OF THE 3RD |
|
New York Yankees batting - Pitching for Boston Red Sox : RHP Justin Whitesack
|
|
Batting: SHB Jay Gagnon
|
0-0: Ground out U3 (Groundball, 3L, EV 103.8 MPH)
|
|
Batting: SHB Mukhtar Wa'il
|
0-0: Swinging Strike 0-1: Ball 1-1: Called Strike 1-2: Strikes out looking
|
|
Batting: RHB Devon Utley
|
0-0: Ball 1-0: Called Strike 1-1: Swinging Strike 1-2: Foul Ball, location: 2F 1-2: Strikes out swinging
|
| Bottom of the 3rd over - 0 runs, 0 hits, 0 errors, 0 left on base; Boston 0 - New York 3 |
| TOP OF THE 4TH |
|
Boston Red Sox batting - Pitching for New York Yankees : RHP Bret Davies
|
|
Batting: RHB Alois Wollf
|
0-0: Ball 1-0: Hit by Pitch
|
|
Batting: LHB Kevin McCormic Jr.
|
0-0: Called Strike 0-1: Ball 1-1: Ball 2-1: Swinging Strike 2-2: Ball 3-2: Base on Balls Alois Wollf to second
|
|
Batting: RHB David Price Jr.
|
0-0: SINGLE (Flyball, 8LS, EV 85.6 MPH) Alois Wollf to third Kevin McCormic Jr. to second Runner from 3rd tries for Home, throw by CF and OUT! 8-2 Kevin McCormic Jr. to third David Price Jr. to second
|
|
Batting: LHB Jarrett Mordecai
|
0-0: Ball 1-0: Ball 2-0: Foul Ball, location: 2F 2-1: Ball 3-1: Base on Balls
|
|
Batting: LHB Sakae Kasahara
|
0-0: Called Strike 0-1: Foul Ball, location: 2F 0-2: Ball 1-2: Ball 2-2: Fly out, F7 (Line Drive, 7, EV 106.9 MPH) Runner from 3rd tags up, SCORES, throw by LF
|
|
Batting: RHB Elijah Campbell
|
0-0: Called Strike 0-1: Fly out, F6 (Line Drive, 6M, EV 68.8 MPH)
|
| Top of the 4th over - 1 run, 1 hit, 0 errors, 2 left on base; Boston 1 - New York 3 |
| BOTTOM OF THE 4TH |
|
New York Yankees batting - Pitching for Boston Red Sox : RHP Justin Whitesack
|
|
Batting: RHB Eric Davis
|
0-0: Called Strike 0-1: Called Strike 0-2: Foul Ball, location: 2F 0-2: Ball 1-2: SINGLE (Groundball, 25, EV 68.1 MPH) (infield hit)
|
|
Batting: RHB Larry Martell
|
0-0: Called Strike 0-1: Called Strike 0-2: Ball 1-2: Foul Ball, location: 2F 1-2: Foul Ball, location: 2F 1-2: Strikes out swinging
|
|
Batting: LHB Dan Morris
|
0-0: Ball 1-0: Called Strike 1-1: Foul Ball, location: 2F 1-2: Strikes out swinging
|
|
Batting: RHB Ryan Neal
|
0-0: Called Strike 0-1: Called Strike 0-2: Ball 1-2: Ball 2-2: Fly out, F9 (Flyball, 89S, EV 85.6 MPH)
|
| Bottom of the 4th over - 0 runs, 1 hit, 0 errors, 1 left on base; Boston 1 - New York 3 |
| TOP OF THE 5TH |
|
Boston Red Sox batting - Pitching for New York Yankees : RHP Bret Davies
|
|
Pitching: RHP Chris McCoy
|
|
|
Now in RF: Russ Shambaugh
|
|
|
Batting: RHB Mike McElroy
|
0-0: Ball 1-0: Foul Ball, location: 2F 1-1: Fly out, F8 (Flyball, 8LD, EV 81.9 MPH)
|
|
Batting: SHB Greg Shaw
|
0-0: Fly out, F8 (Flyball, 8LM, EV 88.8 MPH)
|
|
Batting: RHB Nick Esteves
|
0-0: Ball 1-0: Ball 2-0: Ball 3-0: Base on Balls
|
|
Pinch Hitting: RHB Joe Sandoval
|
0-0: Foul Ball, location: 2F 0-1: Ball 1-1: Ball 2-1: Ball 3-1: Foul Ball, location: 2F 3-2: Fly out, F7 (Flyball, 78M, EV 90.6 MPH)
|
| Top of the 5th over - 0 runs, 0 hits, 0 errors, 1 left on base; Boston 1 - New York 3 |
| BOTTOM OF THE 5TH |
|
New York Yankees batting - Pitching for Boston Red Sox : RHP Justin Whitesack
|
|
Pitching: RHP John Jordan
|
|
|
Now at 1B: Ben Ervin
|
|
|
Now at SS: Joe Sandoval
|
|
|
Batting: RHB Jose Tovar
|
0-0: SOLO HOME RUN (Flyball, 78XD, EV 103.1 MPH), Distance : 436 ft
|
|
DELAY
|
Rain delay of 67 minutes in the 5th inning.
|
|
Batting: LHB Joel Vera
|
0-0: Foul Ball, location: 2F 0-1: Called Strike 0-2: Ball 1-2: Ground out 4-3 (Groundball, 4, EV 110.6 MPH)
|
|
Batting: SHB Jay Gagnon
|
0-0: Ball 1-0: Foul Ball, location: 2F 1-1: Foul Ball, location: 2F 1-2: Fly out, F9 (Flyball, 9LM, EV 90.0 MPH)
|
|
Batting: SHB Mukhtar Wa'il
|
0-0: SINGLE (Groundball, 56D, EV 103.8 MPH)
|
|
Batting: RHB Devon Utley
|
0-0: Ball 1-0: Called Strike 1-1: Ball 2-1: Ball 3-1: Called Strike 3-2: Foul Ball, location: 2F 3-2: Strikes out swinging
|
| Bottom of the 5th over - 1 run, 2 hits, 0 errors, 1 left on base; Boston 1 - New York 4 |
| TOP OF THE 6TH |
|
Boston Red Sox batting - Pitching for New York Yankees : RHP Chris McCoy
|
|
Pitching: LHP Julio Gonzalez
|
|
|
Now at 3B: Jeckel Hester
|
|
|
Now in LF: Russ Shambaugh
|
|
|
Now in CF: Gus Berry
|
|
|
Now in RF: Aaron Joyner
|
|
|
Batting: LHB Kevin McCormic Jr.
|
0-0: Ball 1-0: Swinging Strike 1-1: Ground out 6-3 (Groundball, 6M, EV 87.5 MPH)
|
|
Pinch Hitting: RHB Jose Diaz
|
0-0: Called Strike 0-1: Fly out, F8 (Flyball, 8RM, EV 88.8 MPH)
|
|
Batting: SHB Ben Ervin
|
0-0: Called Strike 0-1: Ground out 6-3 (Groundball, 6, EV 85.0 MPH)
|
| Top of the 6th over - 0 runs, 0 hits, 0 errors, 0 left on base; Boston 1 - New York 4 |
| BOTTOM OF THE 6TH |
|
New York Yankees batting - Pitching for Boston Red Sox : RHP John Jordan
|
|
Pitching: LHP Danny Schneible
|
|
|
Now in RF: Jose Diaz
|
|
|
Batting: SHB Gus Berry
|
0-0: Called Strike 0-1: Ball 1-1: SINGLE (Flyball, 89S, EV 92.5 MPH)
|
|
Batting: RHB Russ Shambaugh
|
0-0: Ball 1-0: Ball 2-0: Ball 3-0: Base on Balls Gus Berry to second
|
|
Batting: LHB Dan Morris
|
0-0: Called Strike 0-1: Ball 1-1: Grounds into double play, 6-4-3 (Groundball, 6, EV 89.4 MPH) Gus Berry to third
|
|
Batting: RHB Ryan Neal
|
0-0: Called Strike 0-1: Ball 1-1: Ball 2-1: Ground out 6-3 (Groundball, 6M, EV 87.5 MPH)
|
| Bottom of the 6th over - 0 runs, 1 hit, 0 errors, 1 left on base; Boston 1 - New York 4 |
| TOP OF THE 7TH |
|
Boston Red Sox batting - Pitching for New York Yankees : LHP Julio Gonzalez
|
|
Pitching: RHP Antonio Castillo
|
|
|
Batting: RHB Armando Vilano
|
0-0: Ground out 6-3 (Groundball, 56, EV 90.0 MPH)
|
|
Batting: RHB Elijah Campbell
|
0-0: Foul Ball, location: 2F 0-1: Swinging Strike 0-2: SINGLE (Line Drive, 7S, EV 95.0 MPH)
|
|
Batting: RHB Mike McElroy
|
0-0: Ball 1-0: Ball 2-0: Ball 3-0: Called Strike 3-1: Base on Balls Elijah Campbell to second
|
|
Batting: SHB Greg Shaw
|
0-0: Called Strike 0-1: Ball 1-1: Ball 2-1: Foul Ball, location: 2F 2-2: Fly out, F7 (Flyball, 78S, EV 75.0 MPH)
|
|
Batting: RHB Nick Esteves
|
0-0: Called Strike 0-1: Foul Ball, location: 2F 0-2: Ball 1-2: Ball 2-2: Fly out, F7 (Flyball, 7, EV 76.2 MPH)
|
| Top of the 7th over - 0 runs, 1 hit, 0 errors, 2 left on base; Boston 1 - New York 4 |
| BOTTOM OF THE 7TH |
|
New York Yankees batting - Pitching for Boston Red Sox : LHP Danny Schneible
|
|
Pitching: RHP Jon Mercado
|
|
|
Batting: RHB Jeckel Hester
|
0-0: Ground out 4-3 (Groundball, 4, EV 100.6 MPH)
|
|
Batting: LHB Joel Vera
|
0-0: Ball 1-0: Swinging Strike 1-1: Called Strike 1-2: Strikes out swinging
|
|
Batting: LHB Aaron Joyner
|
0-0: Foul Ball, location: 2F 0-1: Swinging Strike 0-2: Ball 1-2: Foul Ball, location: 2F 1-2: Ground out U3 (Groundball, 3, EV 82.5 MPH)
|
| Bottom of the 7th over - 0 runs, 0 hits, 0 errors, 0 left on base; Boston 1 - New York 4 |
| TOP OF THE 8TH |
|
Boston Red Sox batting - Pitching for New York Yankees : RHP Antonio Castillo
|
|
Pitching: RHP Edwin Espinal
|
|
|
Batting: RHB Joe Sandoval
|
0-0: Called Strike 0-1: Fly out, F7 (Flyball, 7, EV 87.5 MPH)
|
|
Batting: LHB Kevin McCormic Jr.
|
0-0: Ball 1-0: Ball 2-0: Foul Ball, location: 2F 2-1: Ball 3-1: Base on Balls
|
|
Batting: RHB Jose Diaz
|
0-0: Called Strike 0-1: Ball 1-1: Called Strike 1-2: Ball 2-2: Fly out, F7 (Flyball, 7LMF, EV 99.4 MPH)
|
|
Batting: SHB Ben Ervin
|
0-0: Ball 1-0: Ground out U3 (Groundball, 3L, EV 81.9 MPH)
|
| Top of the 8th over - 0 runs, 0 hits, 0 errors, 1 left on base; Boston 1 - New York 4 |
| BOTTOM OF THE 8TH |
|
New York Yankees batting - Pitching for Boston Red Sox : RHP Jon Mercado
|
|
Pinch Hitting: LHB Jared Zulkowski
|
0-0: Ball 1-0: Ball 2-0: SINGLE (Groundball, 4MD, EV 109.4 MPH)
|
|
Batting: RHB Devon Utley
|
0-0: Grounds into double play, 6-4-3 (Groundball, 6, EV 89.4 MPH)
|
|
Batting: SHB Gus Berry
|
0-0: Swinging Strike 0-1: Ball 1-1: Called Strike 1-2: Ball 2-2: Strikes out swinging
|
| Bottom of the 8th over - 0 runs, 1 hit, 0 errors, 0 left on base; Boston 1 - New York 4 |
| TOP OF THE 9TH |
|
Boston Red Sox batting - Pitching for New York Yankees : RHP Edwin Espinal
|
|
Pitching: RHP Mark Stafford
|
|
|
Now at 1B: Shiro Suehiro
|
|
|
Batting: RHB Armando Vilano
|
0-0: Ball 1-0: Ball 2-0: Ball 3-0: Called Strike 3-1: Called Strike 3-2: Foul Ball, location: 2F 3-2: Fly out, F7 (Line Drive, 7S, EV 96.9 MPH)
|
|
Pinch Hitting: RHB Ray Llewellyn
|
0-0: Ground out U3 (Groundball, 34S, EV 63.8 MPH)
|
|
Batting: RHB Mike McElroy
|
0-0: Called Strike 0-1: Fly out, F9 (Flyball, 89D, EV 98.1 MPH)
|
| Top of the 9th over - 0 runs, 0 hits, 0 errors, 0 left on base; Boston 1 - New York 4 |
|